 Dungeon Crawl Stone Soup version 0.24.0-123-gd5b16e6ec5 (webtiles) character file.

Game seed: 10197626320281680620, levelgen mode: deterministic

19 Bluestream the Chopper (level 2, -2/27 HPs)
             Began as a Minotaur Fighter on Jan 31, 2020.
             Slain by an adder (4 damage)
             ... on level 2 of the Dungeon.
             The game lasted 00:03:58 (742 turns).

Bluestream the Chopper (Minotaur Fighter)            Turns: 742, Time: 00:03:58

Health: -2/27      AC:  6    Str: 20    XL:     2   Next: 55%
Magic:  1/1        EV:  7    Int: 12    God:
Gold:   58         SH:  9    Dex:  9    Spells: 1/1 levels left

rFire    . . .     SeeInvis .   a - +0 war axe
rCold    . . .     Gourm    .   c - +0 shield
rNeg     . . .     Faith    .   b - +0 scale mail
rPois    .         Spirit   .   (helmet restricted)
rElec    .         Reflect  .   (no cloak)
rCorr    .         Harm     .   (no gloves)
MR       .....     Rnd*Rage +   (no boots)
Stlth    ..........             (no amulet)
HPRegen  0.09/turn              (no ring)
MPRegen  0.07/turn              (no ring)

@: brilliant, lethally poisoned (-2 -> -8)
A: retaliatory headbutt, horns 2, berserk 1, clever 1
a: no special abilities


You were on level 2 of the Dungeon.
You were not hungry.

You visited 1 branch of the dungeon, and saw 2 of its levels.

You collected 58 gold pieces.

Inventory:

Hand Weapons
 a - a +0 war axe (weapon)
Armour
 b - a +0 scale mail (worn)
 c - a +0 shield (worn)
Scrolls
 g - a scroll of immolation {unknown}
 h - 2 scrolls of identify {unknown}
 k - a scroll of random uselessness {unknown}
Potions
 d - a potion of might
Comestibles
 f - 2 rations


   Skills:
 - Level 3.6 Fighting
 * Level 3.8 Axes
 - Level 3.6 Armour
 + Level 0.1 Dodging
 - Level 3.6 Shields


You had one spell level left.
You didn't know any spells.
Your spell library was empty.

Dungeon Overview and Level Annotations

Branches:
Dungeon (2/15)

Altars:


Innate Abilities, Weirdness & Mutations

You reflexively headbutt those who attack you in melee.
You have a pair of horns on your head.
You tend to lose your temper in combat.
Your mind is acute. (Int +2)


Message History

The adder is severely wounded.
* * * LOW HITPOINT WARNING * * *
You feel sick. The adder bites you.
* * * LOW HITPOINT WARNING * * *
You block the adder's attack.
You closely miss the adder. Your headbutt misses the adder.
The adder is severely wounded.
You block the adder's attack. x2
It was a potion of brilliance.
You feel clever all of a sudden.
* * * LOW HITPOINT WARNING * * *
You feel sick. You block the adder's attack.
It was a potion of mutation.
You feel extremely strange.
You feel a little pissed off.
You feel clever. You block the adder's attack.
As you read the scroll labeled SIUSETWUQYR, it crumbles to dust.
You feel blessed for a moment.
It was a scroll of remove curse.
* * * LOW HITPOINT WARNING * * *
You feel sick. The adder bites you.
You die...

≈.≈≈≈≈≈ .....≈≈≈≈≈≈≈≈≈.
...≈.≈≈≈≈_♣≈≈≈...
..≈≈≈≈≈♣≈.≈≈≈.≈.
####.≈≈≈≈≈≈≈≈≈≈≈.. .#.
.....≈≈≈≈≈≈≈≈≈...
.....####..≈≈≈≈≈≈≈≈≈≈≈≈.
......S@...≈..≈..≈...≈..
.....####+?....≈≈.....≈.
...........†.)..<#..#. .
#.#......)#####
#......(# #.......#
#.......+ #.......#
##+#.....


You could see an adder.

Vanquished Creatures
  A worm (D:2)
  3 bats (D:1)
  A giant cockroach (D:1)
  3 goblins
  2 hobgoblins (D:1)
  3 frilled lizards
  2 kobolds
  2 rats (D:1)
17 creatures vanquished.

Notes
Turn   | Place    | Note
-------+----------+-------------------------------------------
     0 | D:1      | Bluestream the Minotaur Fighter began the quest for the
                  | Orb.
     0 | D:1      | Reached XP level 1. HP: 19/19 MP: 0/0
   351 | D:1      | Reached XP level 2. HP: 27/27 MP: 1/1
   628 | D:1      | <>
                  | ERROR: string above had unterminated tag
   707 | D:2      | Found a faded altar of an unknown god.
   741 | D:2      | Gained mutation: You tend to lose your temper in combat.
                  | [potion of mutation]
   741 | D:2      | Gained mutation: Your mind is acute. (Int +2) [potion of
                  | mutation]
   742 | D:2      | Slain by an adder

Levels and vault maps discovered:
D:1:      minmay_arrival_jagged, layout_loops_cross
D:2:      layout_basic, chequers_ecumenical_altar_island

Skill      XL: |  1 |
---------------+----+-----
Axes           | 3 |  3.8
Fighting       | |  3.6
Armour         | |  3.6
Dodging        | |  0.1
Shields        | |  3.6

Action                   || total
-------------------------++-------
Melee: War axe           ||    56
       Headbutt          ||     7
  Use: Potion            ||     2
       Scroll            ||     1
Armor: Scale mail        ||    17
Dodge: Dodged            ||    17
Block: Shield            ||    36
